 Dungeon Crawl Stone Soup version 0.25-a0-521-gb5d5f98535 (webtiles) character file.

Game seed: 16553014442746487725, levelgen mode: deterministic

6223 Emblim88 the Nimble (level 10, -4/53 HPs)
             Began as a Spriggan Abyssal Knight on Feb 18, 2020.
             Was an Elder of Lugonu.
             Shot with an arrow by a centaur (14 damage)
             ... on level 8 of the Dungeon.
             The game lasted 00:39:24 (12975 turns).

Emblim88 the Nimble (Spriggan Abyssal Knight)      Turns: 12975, Time: 00:39:25

Health: -4/53      AC:  3    Str:  8    XL:     10   Next: 61%
Magic:  17/17      EV: 27    Int: 14    God:    Lugonu [****..]
Gold:   385        SH:  5    Dex: 21    Spells: 6/9 levels left

rFire    . . .     SeeInvis +   t - +0 hunting sling (vorpal)
rCold    . . .     Gourm    .   (shield restricted)
rNeg     . . .     Faith    .   b - +0 robe
rPois    .         Spirit   .   (helmet restricted)
rElec    .         Reflect  +   m - +0 cloak
rCorr    .         Harm     .   (gloves unavailable)
MR       +....                  (boots unavailable)
Stlth    +++.......             l - +5 amulet of reflection
HPRegen  0.17/turn              N - +2 ring of dexterity
MPRegen  0.15/turn              I - ring of stealth

@: stab, studying Summonings, very quick
A: very small, unfitting armour, see invisible, blink, herbivore, speed 3, slow
metabolism 2
a: Blink, Depart the Abyss, Bend Space, Banish, Corrupt, Renounce Religion


You were on level 8 of the Dungeon.
You worshipped Lugonu.
Lugonu was greatly pleased with you.
You were near starving.

You visited 1 branch of the dungeon, and saw 8 of its levels.
You visited the Abyss 1 time.
You also visited: Sewer.

You collected 385 gold pieces.

Inventory:

Hand Weapons
 j - a +0 dagger of freezing
 t - a +0 vorpal hunting sling (weapon)
 w - a +1 vampiric dagger
Missiles
 k - 108 stones (quivered)
 x - 5 boomerangs
Armour
 b - a +0 robe (worn)
 m - a +0 cloak (worn)
Jewellery
 l - a +5 amulet of reflection (around neck)
 o - an uncursed ring of flight
 y - an uncursed amulet of rage {unknown}
 I - a ring of stealth (right hand)
 N - a +2 ring of dexterity (left hand)
Wands
 a - a wand of paralysis (11)
 q - a wand of random effects (3)
 v - a wand of enslavement (14)
 M - a wand of flame (9)
Scrolls
 e - 4 scrolls of teleportation
 n - 4 scrolls of amnesia
 p - 2 scrolls of blinking
 E - a scroll of enchant armour
 F - 2 scrolls of fog
 G - a scroll of fear
 J - 3 scrolls of magic mapping
 K - a scroll of noise {unknown}
 L - 2 scrolls of remove curse
Potions
 d - 2 potions of cancellation
 f - 2 potions of mutation
 g - 2 potions of brilliance {unknown}
 h - 6 potions of curing {unknown}
 i - 3 potions of flight {unknown}
 r - 3 potions of lignification {unknown}
 s - 2 potions of magic {unknown}
 z - a potion of berserk rage
 B - a potion of degeneration {unknown}
 C - a potion of heal wounds {unknown}
 H - a potion of haste {unknown}
Books
 u - a manual of Summonings
Comestibles
 c - 10 rations


   Skills:
 + Level 5.9 Fighting
 - Level 2.7 Short Blades
 + Level 9.7(9.8) Slings
 - Level 1.1(5.2) Throwing
 + Level 9.8 Dodging
 + Level 8.6 Invocations
 + Level 7.7 Evocations


You had 6 spell levels left.
You knew the following spells:

 Your Spells              Type           Power        Failure   Level  Hunger
a - Spectral Weapon       Hex/Chrm       #.......     65%         3    ####...

Your spell library contained the following spells:

 Spells                   Type           Power        Failure   Level  Hunger
 Dazzling Flash           Conj/Hex       #.....       65%         3    ####...
 Tukima's Dance           Hex            #.......     65%         3    ####...
 Yara's Violent Unravell  Hex/Tmut       #.........   100%        5    ######.
 Darkness                 Hex            #.........   100%        6    #######


Dungeon Overview and Level Annotations

Branches:
Dungeon (8/15)             Temple (0/1) D:7           Sewer (visited)
   Lair: D:8-11

Altars:
Fedhas
Hepliaklqana
Makhleb
Okawaru
Ru
Uskayaw
Wu Jian
Zin
The Shining One

Shops:
D:7 :

Annotations:
D:7 2 transporters


Innate Abilities, Weirdness & Mutations

You are very small and have problems with some larger weapons.
You are too small for most types of armour.
You have supernaturally acute eyesight. (SInv)
You are a herbivore.
You cover ground extremely quickly.
You need to consume almost no food.
You can translocate small distances at will.


Message History

You shoot a sling bullet.
The sling bullet barely misses the centaur.
The centaur completely misses you.
Firing (i - inventory. (/) - cycle)
k - 109 stones (quivered)
Press: ? - help, Shift-Dir - straight line, f/p - centaur
Aim: a centaur, wielding a +0 long sword, wearing a cursed -2 ring of intelligence and quivering 7 arrows (lightly wounded)
You shoot a stone. The stone closely misses the centaur.
The centaur hits you with a +0 long sword!
You are too injured to fight recklessly!
You are too injured to fight recklessly!
You are too injured to fight recklessly!
You are too injured to fight recklessly!
You are too injured to fight recklessly!
The centaur unwields a +0 long sword.
The centaur wields a +0 shortbow.
The centaur shoots an arrow.
The arrow closely misses you.
The centaur shoots an arrow.
The arrow hits you!
* * * LOW HITPOINT WARNING * * *
You see here an arrow.
The centaur shoots an arrow.
The arrow hits you!
You die...

..#..## ........
.####.#### .....(.
##
##...#######.... #
#.....(..##..#
##...####..†..#
###...## #(###.##
##....##
#....(.####
.#....##
#..(..(...##
.......##
##...@.....##
........##
#....(.....# #
.........#
##.........# ###
^........##
##......c## ##..
..........##
#...###.(##
####...
.....<.....# #####
##.(###....##
#..........##
##..).....#
............#
#####........#
.......(<...#
####..(....(....##


You could see a centaur.

Vanquished Creatures
  2 two-headed ogres
  Pikel (D:6)
  A hippogriff (D:8)
  Sigmund (D:3)
  A wyvern (D:7)
  Eustachio (D:4)
  Edmund (D:4)
  Duvessa (D:4)
  2 sky beasts (D:6)
  3 orc warriors
  2 ice beasts
  Purgy (Sewer)
  3 slaves (D:6)
  5 ogres
  5 centaurs
  7 bullfrogs
  Dowan (D:4)
  A wyvern skeleton (D:8)
  A scorpion (D:7)
  6 killer bees
  3 howler monkeys
  2 crimson imps
  A bullfrog zombie (D:8)
  A jelly (D:5)
  5 orc priests
  4 hounds
  Crazy Yiuf (D:3)
  Terence (D:2)
  7 orc wizards
  9 worker ants
  A hound zombie (D:7)
  A hound skeleton (D:6)
  A worker ant zombie (D:8)
  2 adders
  A shadow imp (D:6)
  2 oozes
  An adder zombie (D:4)
  3 adder skeletons
  A worm (D:5)
  A dart slug (D:4)
  10 leopard geckos
  32 orcs
  6 giant cockroaches
  10 goblins
  10 hobgoblins
  13 jackals
  4 kobolds
  2 quokkas
  A ball python (Sewer)
  8 bats
  9 frilled lizards
  A quokka skeleton (D:4)
  6 rats
206 creatures vanquished.

Vanquished Creatures (collateral kills)
  A killer bee (D:7)
1 creature vanquished.

Vanquished Creatures (others)
  A killer bee (D:7)
  A goblin (D:2)
2 creatures vanquished.

Grand Total: 209 creatures vanquished

Notes
Turn   | Place    | Note
-------+----------+-------------------------------------------
     0 | Abyss:1  | Emblim88 the Spriggan Abyssal Knight began the quest for
                  | the Orb.
     0 | Abyss:1  | Reached XP level 1. HP: 11/11 MP: 3/3
    60 | Abyss:1  | Noticed a hungry ghost
    61 | D:1      | Escaped the Abyss
   141 | D:1      | Reached * piety under Lugonu
   171 | D:1      | Reached XP level 2. HP: 7/16 MP: 4/4
  1066 | D:1      | Reached XP level 3. HP: 11/19 MP: 5/5
  1249 | D:1      | Reached skill level 1 in Throwing
  1735 | D:2      | Found a blossoming altar of Fedhas.
  1796 | D:2      | Found an iron altar of Okawaru.
  1924 | D:2      | Reached ** piety under Lugonu
  2118 | D:2      | Reached skill level 1 in Slings
  2184 | D:2      | Found an ornate altar of the Wu Jian Council.
  2276 | D:2      | Noticed Terence
  2437 | D:2      | Killed Terence
  2437 | D:2      | Reached XP level 4. HP: 19/23 MP: 6/6
  2854 | D:3      | Gained mutation: You are robust. (+10% HP) [potion of
                  | mutation]
  2854 | D:3      | Lost mutation: You are robust. (+10% HP) [potion of
                  | mutation]
  2854 | D:3      | Gained mutation: You can translocate small distances at
                  | will. [potion of mutation]
  2864 | D:3      | Found a glowing golden altar of the Shining One.
  2865 | D:3      | Found a glowing silver altar of Zin.
  3308 | D:3      | Found a runed translucent door.
  3309 | D:3      | Noticed Crazy Yiuf
  3347 | D:3      | Reached XP level 5. HP: 28/28 MP: 8/8
  3387 | D:3      | Noticed Sigmund
  3426 | D:3      | Killed Sigmund
  3426 | D:3      | Reached skill level 5 in Dodging
  3426 | D:3      | Reached skill level 1 in Evocations
  3426 | D:3      | Reached XP level 6. HP: 17/32 MP: 9/9
  3941 | D:3      | Killed Crazy Yiuf
  4273 | D:4      | Noticed Duvessa
  4273 | D:4      | Noticed Dowan
  4312 | D:4      | Killed Duvessa
  4312 | D:4      | Reached XP level 7. HP: 36/36 MP: 9/11
  4327 | D:4      | Killed Dowan
  4425 | D:4      | Noticed a two-headed ogre
  4430 | D:4      | Killed a two-headed ogre
  4430 | D:4      | Reached skill level 5 in Slings
  4430 | D:4      | Reached skill level 5 in Invocations
  4430 | D:4      | Reached XP level 8. HP: 41/42 MP: 11/13
  5115 | D:4      | Noticed Edmund
  5317 | D:4      | Killed Edmund
  6514 | D:5      | Entered Level 5 of the Dungeon
  6643 | D:5      | Found a hazy altar of Hepliaklqana.
  6733 | D:5      | Noticed Eustachio
  7059 | D:4      | Killed Eustachio
  7059 | D:4      | Reached skill level 5 in Evocations
  7229 | D:4      | Reached XP level 9. HP: 15/46 MP: 14/14
  7830 | D:5      | Reached *** piety under Lugonu
  8636 | D:6      | Found a glowing drain.
  8706 | Sewer    | Entered a sewer
  8727 | Sewer    | Noticed Purgy
  8745 | Sewer    | Killed Purgy
  8936 | D:6      | Reached skill level 5 in Fighting
  9062 | D:6      | Noticed Pikel
  9276 | D:6      | Killed Pikel
  9525 | D:6      | Found a burning altar of Makhleb.
  9634 | D:6      | Found a sacrificial altar of Ru.
  9868 | D:7      | Found a staircase to the Ecumenical Temple.
  9925 | D:7      | Reached XP level 10. HP: 51/51 MP: 16/16
 10018 | D:7      | Found a transporter.
 10034 | D:7      | Found a transporter.
 10049 | D:7      | Found Fiev's Book Boutique.
 10142 | D:7      | Found a hide-covered altar of Uskayaw.
 10323 | D:7      | Reached **** piety under Lugonu
 11059 | D:7      | Identified the +4 plate armour "Utaluplu" {rN+}
 11515 | D:8      | Identified Sif Muna's Guide on Shape Shifting and Curses
 11521 | D:8      | Learned a level 3 spell: Spectral Weapon
 12942 | D:8      | Noticed a two-headed ogre
 12957 | D:8      | Killed a two-headed ogre
 12975 | D:8      | Shot with an arrow by a centaur

Levels and vault maps discovered:
D:1:      co_arrival_random_square_maze, layout_loops_ring,
          minmay_misc_feat_chi, minmay_tripent
D:2:      layout_loops_ring, fedhas_altar_1, lemuel_round_altar,
          old_standard_altar, uniq_terence
D:3:      layout_basic, lemuel_crystal_altar, tso_metal_star, uniq_sigmund,
          uniq_crazy_yiuf_cottage
D:4:      layout_basic, first_ration, minmay_manual_mullet, uniq_duvessa,
          uniq_edmund
D:5:      layout_rooms, nicolae_overflow_crystal_walls, grunt_decor_one_mirror,
          uniq_eustachio
D:6:      layout_basic, lightli_temple_of_fire, nicolae_ru_path_of_blood,
          portal_sewer_entry_f, chequers_serial_rivers_marsh,
          hangedman_abyss_or_decor_stagger, minmay_increasing_density,
          uniq_pikel
D:7:      gammafunk_wand_slinger, layout_basic, old_standard_altar,
          minmay_temple_entry_grid, serial_shops, nicolae_shop_statue_plus
D:8:      layout_cave_pods, marbit_many_paths

Skill      XL: |  1  2  3  4  5  6  7  8  9 10 |
---------------+-------------------------------+-----
Invocations    | 2 3 4 5 6 7 8 |  8.6
Dodging        | 4 5 6 7 8 9 |  9.8
Throwing       | 1 |  1.1
Slings         | 1 2 3 4 5 7 8 9 |  9.7
Fighting       | 3 4 5 |  5.9
Evocations     | 1 2 3 5 6 7 |  7.7
Short Blades   | |  2.7

Action                   |  1- 3 |  4- 6 |  7- 9 | 10-12 || total
-------------------------+-------+-------+-------+-------++-------
Melee: Short sword       |    87 |       |       |       ||    87
       Dagger            |       |       |       |     8 ||     8
 Fire: Hunting sling     |   125 |   127 |   674 |   373 ||  1299
Throw: Stone             |     2 |       |       |       ||     2
Invok: Depart the Abyss  |     1 |       |       |       ||     1
       Bend Space        |     6 |     2 |     1 |       ||     9
 Abil: Blink             |       |       |     1 |       ||     1
Evoke: Wand              |       |       |    15 |     3 ||    18
  Use: Scroll            |       |     6 |     6 |     1 ||    13
       Potion            |       |     2 |       |     2 ||     4
 Stab: Sleeping          |     1 |       |       |     1 ||     2
       Paralysed         |       |       |       |     7 ||     7
  Eat: Ration            |       |     1 |     1 |     1 ||     3
Armor: Robe              |     8 |     1 |     7 |     3 ||    19
Dodge: Dodged            |   133 |    17 |   196 |   146 ||   492
Block: Other             |     9 |     4 |    41 |    28 ||    82
       Reflection        |     5 |       |     7 |     2 ||    14

Table legend:
 A = Non-vault XP
 B = Vault XP
 C = Vault XP percentage of total XP
 D = Non-vault monster count
 E = Vault monster count
 F = Vault count percentage of total count
                 A         B        C        D         E       F
            +---------+---------+-------+---------+---------+-------
      Total |    5727 |    3164 |  35.6 |     171 |      35 |  17.0
            +---------+---------+-------+---------+---------+-------
        D:1 |      47 |       8 |  14.5 |      25 |       2 |   7.4
        D:2 |      39 |      36 |  48.0 |      22 |       1 |   4.3
        D:3 |     100 |     261 |  72.3 |      17 |       2 |  10.5
        D:4 |     777 |    1509 |  66.0 |      21 |       9 |  30.0
        D:5 |     305 |       0 |   0.0 |      10 |       0 |   0.0
        D:6 |     968 |    1219 |  55.7 |      23 |      14 |  37.8
        D:7 |    1433 |       0 |   0.0 |      31 |       0 |   0.0
        D:8 |    2058 |       0 |   0.0 |      22 |       0 |   0.0
      Sewer |       0 |     131 | 100.0 |       0 |       7 | 100.0
            +---------+---------+-------+---------+---------+-------
